 Dungeon Crawl Stone Soup version 0.29-a0-813-g4a14ea37d6 (webtiles) character file.

Game seed: 17687678290587106777

2 gobodom the Grave Robber (level 1, -4/23 HPs)
             Began as a Gnoll Wanderer on July 5, 2022.
             Was a Believer of Lugonu.
             Slain by a gnoll
             ... wielding a +0 spear
              (8 damage)
             ... on level 1 of the Dungeon.
             The game lasted 00:01:24 (259 turns).

gobodom the Grave Robber (Gnoll Wanderer)            Turns: 259, Time: 00:01:25

Health: -4/23      AC:  2    Str: 10    XL:     1   Next: 40%
Magic:  0/4        EV: 11    Int: 13    God:    Lugonu [**....]
Gold:   10         SH:  0    Dex: 10    Spells: 4/5 levels left

rFire   . . .      SeeInvis .   a - +0 club
rCold   . . .      Faith    .   (no shield)
rNeg    . . .      Spirit   .   c - +0 robe
rPois   .          Reflect  .   (no helmet)
rElec   .          Harm     .   (no cloak)
rCorr   .          Rampage  .   (no gloves)
Will    .....                   (no boots)
Stlth   +.........              (no amulet)
HPRegen 0.07/turn               (no ring)
MPRegen 0.09/turn               (no ring)

@: no status effects
A: fangs 1, strong nose, distributed training
a: Renounce Religion, Depart the Abyss, Bend Space


You were on level 1 of the Dungeon.
You worshipped Lugonu.
Lugonu was pleased with you.
You visited 1 branch of the dungeon, and saw 1 of its levels.

You collected 10 gold pieces.

Inventory:

Hand Weapons
 a - a +0 club (weapon)
Armour
 c - a +0 robe (worn)
Scrolls
 b - a scroll of fear
Potions
 d - a potion of curing


   Skills:
 + Level 6.4 Fighting
 + Level 0.0 Short Blades
 + Level 0.0 Long Blades
 + Level 0.0 Axes
 + Level 0.0 Maces & Flails
 + Level 0.0 Polearms
 + Level 0.0 Staves
 + Level 0.0 Ranged Weapons
 + Level 0.0 Throwing
 + Level 0.0 Armour
 + Level 0.0 Dodging
 + Level 0.0 Stealth
 + Level 0.0 Shields
 + Level 0.0 Unarmed Combat
 + Level 2.6 Spellcasting
 + Level 0.0 Conjurations
 + Level 0.0 Hexes
 + Level 0.0 Summonings
 + Level 7.0 Necromancy
 + Level 3.6 Translocations
 + Level 0.0 Transmutations
 + Level 0.0 Fire Magic
 + Level 0.0 Ice Magic
 + Level 0.0 Air Magic
 + Level 0.0 Earth Magic
 + Level 0.0 Poison Magic
 + Level 0.1 Invocations
 + Level 0.0 Evocations


You had 4 spell levels left.
You knew the following spells:

 Your Spells              Type           Power      Damage    Failure   Level
a - Necrotise             Necr           80%        1d8       1%          1

Your spell library contained the following spells:

 Spells                   Type           Power      Damage    Failure   Level
 Apportation              Tloc           22%        N/A       5%          1
 Dispel Undead            Necr           20%        3d11      13%         4
 Lesser Beckoning         Tloc           11%        N/A       16%         3
 Anguish                  Hex/Necr       5%         N/A       50%         4
 Dazzling Flash           Conj/Hex       2%         N/A       56%         3
 Agony                    Necr           20%        N/A       36%         5
 Silence                  Hex/Air        0%         N/A       100%        5


Dungeon Overview and Level Annotations

Branches:
Dungeon (1/15)

Altars:
Lugonu


Innate Abilities, Weirdness & Mutations

You have very sharp teeth.
Your uncanny sense of smell can sniff out nearby items.
Your experience applies equally to all skills.


Message History

As you open the door, it creaks loudly!
A gnoll and a rat come into view.
You hear an angry hiss.
Found a scroll labelled CAOSKA TETT.
Nothing quivered!
A ball python comes into view.
The ball python hisses angrily.
There is an open door here.
Nothing quivered!
Nothing quivered!
There is an open door here.
The gnoll writhes in agony.
The gnoll hits you from afar with a +0 spear.
The rat attacks as you move away! The rat bites you.
The rat writhes in agony.
You kill the rat!
Lugonu accepts your kill.
The dead are walking!
The gnoll closely misses you.
The ball python writhes in agony.
The ball python barely misses you. x2
The gnoll misses you. The ball python barely misses you.
The ball python grabs you. The ball python constricts you.
The ball python writhes in agony.
You kill the ball python!
Lugonu accepts your kill.
The dead are slithering!
The gnoll hits you from afar with a +0 spear.
You are out of magic!
The gnoll hits you from afar with a +0 spear!
Your ball python skeleton bites the gnoll.
Your ball python skeleton grabs the gnoll.
Your ball python skeleton constricts the gnoll.
The gnoll barely misses you.
Your ball python skeleton bites the gnoll.
Your ball python skeleton constricts the gnoll.
The gnoll hits you from afar with a +0 spear.
* * * LOW HITPOINT WARNING * * *
Your ball python skeleton bites the gnoll but does no damage.
Your ball python skeleton constricts the gnoll.
The gnoll hits you from afar with a +0 spear!
You die...

##.#####.......# #.#
###.##### #.####### ##+#
#.......# ##...# #######.#
#.....# ### #.# .......##
##.###.#
........####...##.#####..#
..?....gZ@Z..............#
........####...##.#####..#
.......## ##.###.# ......#
### #.# .#...# ..# ##+#
###


You could see a gnoll (ally target), a friendly ball python skeleton and a
friendly rat skeleton.

Vanquished Creatures
  A ball python (D:1)
  2 rats (D:1)
3 creatures vanquished.

Notes
Turn   | Place    | Note
-------+----------+-------------------------------------------
     0 | D:1      | gobodom the Gnoll Wanderer began the quest for the Orb.
     0 | D:1      | gobodom set off with the following items: a +0 club, a
                  | scroll of fear, a +0 robe, a potion of curing; and the
                  | following spells available to memorise: Necrotise,
                  | Apportation, Dispel Undead, Lesser Beckoning, Anguish.
     0 | D:1      | Reached XP level 1. HP: 23/23 MP: 4/4
    60 | D:1      | Found a faded altar of an unknown god.
    66 | D:1      | Prayed at the altar of an unknown god.
    66 | D:1      | Became a worshipper of Lugonu the Unformed
    66 | D:1      | Reached * piety under Lugonu
    66 | D:1      | Reached ** piety under Lugonu
   130 | D:1      | Learned a level 1 spell: Necrotise
   259 | D:1      | Slain by a gnoll

Illustrated notes

Levels and vault maps discovered:
D:1:      dpeg_arrival_long_road, layout_loops_corners, basic_ecumenical_altar

Action                   || total
-------------------------++-------
Melee: Club              ||     9
 Cast: Necrotise         ||     4
Dodge: Dodged            ||    15

Table legend: (Time is in decaauts)
 A = Elapsed time spent in this place.
 B = Non-inter-level travel time spent in this place.
 C = Inter-level travel time spent in this place.
 D = Time resting spent in this place.
 E = Time spent auto-exploring this place.
 F = Levels seen in this place.
 G = Mean time per level.
                   A        B        C        D        E       F      G
               +--------+--------+--------+--------+--------+-----+--------+
         Total |    261 |    261 |      0 |      0 |    223 |   1 |  261.0 |
       Dungeon |    261 |    261 |      0 |      0 |    223 |   1 |  261.0 |
               +--------+--------+--------+--------+--------+-----+--------+

Top non-repeatable levels by time:
     D:1: 261 daAuts
